Cogmind - Beta 17 @@@ ROGUE MODE // 2026.06.28 @ 03:56:11 Player: THN-L0C Result: Self-destructed Performance ------------- Evolutions (2) 1000 Regions Visited (5) 1000 Robots Destroyed (27) 135 Value Destroyed (634) 634 Prototype IDs (24) 480 Alien Tech Used (0) 0 Bonus (443) 443 TOTAL SCORE: 3692 Bonus ------- Follower Combat Kills 143 Aligned with FarCom 300 Cogmind --------- Core Integrity 395/550 Matter 291/300 Energy 100/100 System Corruption 0% Temperature Cool (18) Movement Core (200) Ox3 Location -8/Materials Parts ------- > --- POWER (1) -------- (None) > --- PROPULSION (4) --- (None) > --- UTILITY (4) ------ Medium Storage Unit Armor Integrity Analyzer > --- WEAPON (2) ------- (None) > --- INVENTORY (10) --- Aluminum Leg Aluminum Leg High-capacity Matter Pod (200) High-capacity Matter Pod (200) Improved Terrain Scanner Seismic Detector Heavy EM Shotgun AWS/Thermal Grenade Launcher Peak State ------------ > --- POWER ------------ (None) > --- PROPULSION ------- Aluminum Leg Aluminum Leg > --- UTILITY ---------- Medium Storage Unit Armor Integrity Analyzer Matter Filter Light Armor Plating > --- WEAPON ----------- Heavy EM Shotgun Assault Rifle > --- INVENTORY -------- Aluminum Leg Aluminum Leg High-capacity Matter Pod High-capacity Matter Pod Improved Terrain Scanner Seismic Detector AWS/Thermal Heavy Assault Rifle Grenade Launcher [Rating: 19] Favorites ----------- Power Improved Ion Engine Engine Improved Ion Engine Propulsion Aluminum Leg Leg Aluminum Leg Utility Medium Storage Unit Device Seismic Detector Storage Medium Storage Unit Processor Armor Integrity Analyzer Protection Light Armor Plating Weapon Assault Rifle Energy Gun Heavy EM Shotgun Ballistic Gun Assault Rifle Build | -11 -10 -10 -10 -9 -8 ------- Run | Yrd Mat Min Exi Min Mat Slots Evolved 4 | . . . . . 4 Power . | . . . . . . Propulsion 2 | . . . . . 2 Utility 2 | . . . . . 2 Weapon . | . . . . . . Parts Attached 29 | 7 6 5 1 5 5 Power 2 | 1 . 1 . . . Engine 2 | 1 . 1 . . . Core . | . . . . . . Reactor . | . . . . . . Propulsion 9 | 2 3 . . 4 . Treads . | . . . . . . Leg 9 | 2 3 . . 4 . Wheel . | . . . . . . Hover . | . . . . . . Flight . | . . . . . . Utility 11 | 2 1 3 1 1 3 Device 2 | 1 . . . . 1 Storage 3 | 1 . 2 . . . Processor 1 | . . . . . 1 Hackware . | . . . . . . Protection 5 | . 1 1 1 1 1 Artifact . | . . . . . . Weapon 7 | 2 2 1 . . 2 Energy Gun 1 | . . . . . 1 Energy Cannon . | . . . . . . Ballistic Gun 6 | 2 2 1 . . 1 Ballistic Cannon . | . . . . . . Launcher . | . . . . . . Special Weapon . | . . . . . . Impact Weapon . | . . . . . . Slashing Weapon . | . . . . . . Piercing Weapon . | . . . . . . Special Melee Weapon . | . . . . . . Unidentified Prototypes 1 | . . . . . 1 Parts Lost 10 | . . . . 3 7 Power 1 | . . . . 1 . Propulsion 2 | . . . . . 2 Utility 4 | . . . . 1 3 Weapon 3 | . . . . 1 2 Highest Loss Streak 7 | . . . . 1 7 To Critical Strikes . | . . . . . . Average Backups 8 | 3 7 9 9 8 9 Power . | . . . . . . Propulsion 1 | . . 1 1 1 2 Utility 4 | 1 3 5 6 4 4 Weapon 2 | . 2 2 2 3 3 Tool/Special . | . . . . . . Unused Backups 15 | . 4 4 1 . 6 Power 1 | . 1 . . . . Propulsion 3 | . 2 . . . 1 Utility 6 | . 1 1 1 . 3 Weapon 5 | . . 3 . . 2 Tool/Special . | . . . . . . Average Slot Usage (%) 97 | . 100 100 100 97 64 Engine 13 | . 14 14 14 13 . Leg 27 | . 28 28 28 28 17 Storage 13 | . 14 14 14 14 9 Protection 13 | . 8 14 14 13 8 Ballistic Gun 26 | . 28 28 28 26 14 Peak Build Rating 19 | 7 8 9 10 10 19 Average Rating 9 | 5 7 8 9 9 15 On Entrance 6 | . 7 8 9 10 7 Avg Prop Armor Cover (%) . | . . . . . . Naked Turns . | . . . . . . Heaviest Build 32 | 15 15 32 24 24 22 Greatest Support 20 | 20 20 20 20 20 20 Greatest Overweight (x) 3 | 3 . 1 1 1 1 Average Overweight (x) . | . . . 1 . . Largest Inventory Capacity 15 | 8 8 15 10 10 10 Average Capacity 10 | 7 8 12 10 10 10 Most Carried 15 | 5 8 15 10 10 10 Average Carried 9 | 3 7 9 9 9 10 Final Capacity 10 | 8 8 10 10 10 10 Final Carried 10 | 5 8 10 10 10 10 Class Distribution -------------------- 85% | Mutant 14% | Scavenger-Mutant Dominant Class ---------------- Mutant | -10/Materials Mutant | -10/Mines Mutant | -10/Exiles Mutant | -9/Mines Scavenger-Mutant | -8/Materials Resources | -11 -10 -10 -10 -9 -8 ----------- Run | Yrd Mat Min Exi Min Mat Matter Collected 1094 | 336 220 228 . 277 33 Remotely . | . . . . . . Salvage Created 904 | 128 300 . . 476 . Parts 59 | 12 17 . . 30 . Haulers Intercepted . | . . . . . . Recyclers Shooed . | . . . . . . Parts Field Recycled . | . . . . . . Retrieved Matter . | . . . . . . Parts Self-Destructed . | . . . . . . Prevented . | . . . . . . Parts Restored . | . . . . . . Kills | -11 -10 -10 -10 -9 -8 ------- Run | Yrd Mat Min Exi Min Mat Combat Hostiles Destroyed 22 | . 8 . . 14 . Guns 22 | . 8 . . 14 . Classes Destroyed 7 | 3 3 . . 1 . Worker 2 | 2 . . . . . Tunneler 2 | 2 . . . . . Recycler 1 | 1 . . . . . Watcher 1 | . 1 . . . . Swarmer 6 | . 3 . . 3 . Grunt 15 | . 5 . . 10 . Assembled 1 | . . . . 1 . Best Kill Streak 4 | 3 3 . . 4 . Combat Bots Only 4 | . 3 . . 4 . Max Kills in Single Turn 1 | 1 1 . . 1 . Gunslinging . | . . . . . . Exploded . | . . . . . . Melee . | . . . . . . Uniques/NPCs Destroyed . | . . . . . . Combat | -11 -10 -10 -10 -9 -8 -------- Run | Yrd Mat Min Exi Min Mat Hostile Shots Fired 152 | . 28 . . 73 51 Missed 34 | . 8 . . 17 9 Hits 118 | . 20 . . 56 42 Melee 2 | . . . . 2 . Projectile 116 | . 20 . . 54 42 Critical Strikes 5 | . 1 . . . 4 Actively Blocked 1 | . 1 . . . . Damage Taken 1531 | . 236 . . 646 649 Core 282 | . 53 . . 74 155 Absorbed by Shields . | . . . . . . Redirected to Shielding 14 | . 14 . . . . Core Remaining (%) 74 | 100 . . . 49 . Volleys Fired 84 | 11 23 . . 40 10 Largest 2 | 2 2 . . 2 1 Hottest 40 | 40 40 . . 40 23 Shots Fired 154 | 22 46 . . 76 10 Gun 154 | 22 46 . . 76 10 Cannon . | . . . . . . Launcher . | . . . . . . Special . | . . . . . . Kinetic 154 | 22 46 . . 76 10 Thermal . | . . . . . . Explosive . | . . . . . . Electromagnetic . | . . . . . . Robot Hit Streak 10 | 4 8 . . 10 2 Robot Miss Streak 3 | 3 3 . . 3 2 Penetration Max . | . . . . . . Secondary Targets 1 | . . . . 1 . Max Gunslinging Chain 1 | . . . . 1 . Shots Hit Robots 80 | 12 33 . . 30 5 Core Hits 43 | 6 16 . . 20 1 Critical Kills 1 | . 1 . . . . Critical Parts Destroyed . | . . . . . . Critical Strikes 1 | . 1 . . . . Destroy 1 | . 1 . . . . Melee Attacks . | . . . . . . Impact . | . . . . . . Slashing . | . . . . . . Piercing . | . . . . . . Sneak Attacks . | . . . . . . Combat Hostiles . | . . . . . . Follow-up Attacks . | . . . . . . Damage Inflicted 1073 | 147 417 . . 453 56 Guns 1057 | 147 417 . . 441 52 Cannons . | . . . . . . Explosions . | . . . . . . Melee . | . . . . . . Ramming 16 | . . . . 12 4 Kinetic 1057 | 147 417 . . 441 52 Thermal . | . . . . . . Explosive . | . . . . . . Electromagnetic . | . . . . . . Impact . | . . . . . . Slashing . | . . . . . . Piercing . | . . . . . . Highest Corruption . | . . . . . . Average Corruption . | . . . . . . Corruption Purged . | . . . . . . Corruption Blocked . | . . . . . . Overload Shots . | . . . . . . Overflow Damage . | . . . . . . Projectiles . | . . . . . . Explosions . | . . . . . . Melee . | . . . . . . Knockbacks . | . . . . . . Impact . | . . . . . . Kinetic . | . . . . . . Secondary . | . . . . . . Self-Inflicted Damage . | . . . . . . Shots . | . . . . . . Rammed . | . . . . . . Targets Rammed 6 | . . . . 5 1 Kicked 6 | . . . . 5 1 Crushed . | . . . . . . Highest Temperature 19 | . 2 . . 9 19 Average Temperature 4 | . 2 . . 4 8 Received Heat Transfer 558 | . 111 . . 204 243 Siege Activations . | . . . . . . Martial Activations . | . . . . . . Shielding Activations . | . . . . . . Robots Disrupted . | . . . . . . Combat Hostiles . | . . . . . . Robots Corrupted . | . . . . . . Combat Hostiles . | . . . . . . Parts Fried . | . . . . . . Impact Corruptions . | . . . . . . Robots Melted . | . . . . . . Combat Hostiles . | . . . . . . Parts Melted . | . . . . . . Heat Transferred . | . . . . . . Parts Sabotaged . | . . . . . . Parts Stolen . | . . . . . . Parts Stripped . | . . . . . . Power Chain Reactions . | . . . . . . Alert | -11 -10 -10 -10 -9 -8 ------- Run | Yrd Mat Min Exi Min Mat Maximum Alert Level 1 | . . . . 1 . Low Security (%) 98 | 100 100 100 . 97 100 Level 1 1 | . . . . 2 . Level 2 . | . . . . . . Level 3 . | . . . . . . Level 4 . | . . . . . . Level 5 . | . . . . . . High Security . | . . . . . . Max Security . | . . . . . . Peak Influence 225 | 10 91 28 . 225 86 Initial 86 | . . 28 . . 86 Average 30 | 1 38 1 . 39 46 Influence Increases 676 | 25 241 . . 378 32 Destroy 0b10 Robot/C 520 | . 160 . . 340 20 Destroy 0b10 Robot/NC 30 | 25 5 . . . . Destroy Leader 72 | . 42 . . 20 10 Allied During Kill 20 | . . . . 18 2 Successful Hack 19 | . 19 . . . . Lose Combat Pursuer 15 | . 15 . . . . Influence Decreases 676 | 25 166 75 . 155 255 Entered New Map 184 | . . 47 . . 137 Time Decay 384 | 25 166 28 . 85 80 Lost Part 48 | . . . . 30 18 Lost Ally 60 | . . . . 40 20 Squads Dispatched 2 | . 1 . . . 1 Investigation 2 | . 1 . . . 1 Extermination . | . . . . . . Reinforcement . | . . . . . . Assault . | . . . . . . Garrison . | . . . . . . Intercept . | . . . . . . Searches Triggered . | . . . . . . Construction Impeded . | . . . . . . Haulers Reinforced . | . . . . . . Active Scanning Responses . | . . . . . . Cargo Convoy Interrupts . | . . . . . . Stealth | -11 -10 -10 -10 -9 -8 --------- Run | Yrd Mat Min Exi Min Mat Distress Signals 1 | . . . . 1 . Communications Jammed . | . . . . . . Distress Signals . | . . . . . . Times Spotted 35 | . 11 . . 19 5 Peak Tracking Total 5 | . 3 . . 4 5 Tactical Retreats 2 | . 1 . . 1 . Traps | -11 -10 -10 -10 -9 -8 ------- Run | Yrd Mat Min Exi Min Mat Traps Triggered . | . . . . . . Indirectly . | . . . . . . Trap Hack Attempts . | . . . . . . Triggered . | . . . . . . Disarmed . | . . . . . . Reprogrammed . | . . . . . . Reused . | . . . . . . Traps Extracted . | . . . . . . Installed . | . . . . . . Triggered . | . . . . . . Machines | -11 -10 -10 -10 -9 -8 ---------- Run | Yrd Mat Min Exi Min Mat Machines Disabled . | . . . . . . Max in Single Turn . | . . . . . . Machines Repaired . | . . . . . . Machines Dismantled . | . . . . . . Machines Sabotaged . | . . . . . . Overloaded Fab Kills . | . . . . . . Hacking | -11 -10 -10 -10 -9 -8 --------- Run | Yrd Mat Min Exi Min Mat Machines Accessed 8 | . 4 . 3 . 1 Terminals 5 | . 4 . . . 1 Fabricators . | . . . . . . Repair Stations . | . . . . . . Recycling Units . | . . . . . . Scanalyzers . | . . . . . . Garrison Access . | . . . . . . Total Hacks 32 | . 11 . 18 . 3 Successful 24 | . 6 . 18 . . Failed 8 | . 5 . . . 3 Catastrophic 2 | . 1 . . . 1 Database Lockouts . | . . . . . . Manual 14 | . 10 . 1 . 3 Terminals 14 | . 11 . . . 3 Fabricators . | . . . . . . Repair Stations . | . . . . . . Recycling Units . | . . . . . . Scanalyzers . | . . . . . . Garrison Access . | . . . . . . Terminal Hacks 21 | . 3 . 18 . . Record 17 | . . . 17 . . Robot Analysis 2 | . 2 . . . . Locate Traps 1 | . 1 . . . . Proto ID Catalog 1 | . . . 1 . . Fabricator Hacks . | . . . . . . Repair Station Hacks . | . . . . . . Recycling Unit Hacks . | . . . . . . Scanalyzer . | . . . . . . Garrison Access Hacks . | . . . . . . Unauthorized Hacks 3 | . 3 . . . . Terminals 3 | . 3 . . . . Botnet 2 | . 2 . . . . Disrupt 1 | . 1 . . . . Fabricators . | . . . . . . Repair Stations . | . . . . . . Recycling Units . | . . . . . . Scanalyzers . | . . . . . . Garrison Access . | . . . . . . Data Cores Recovered . | . . . . . . Used . | . . . . . . Hacking Detections 5 | . 4 . . . 1 Full Trace Events 2 | . 1 . . . 1 Feedback Events . | . . . . . . Feedback Blocked . | . . . . . . Robot Schematics Acquired . | . . . . . . Robots Built . | . . . . . . Authchips . | . . . . . . Time . | . . . . . . Total Robot Build Rating . | . . . . . . Part Schematics Acquired . | . . . . . . Parts Built . | . . . . . . Authchips . | . . . . . . Time . | . . . . . . Total Part Build Rating . | . . . . . . Part Studies Acquired . | . . . . . . Parts Repaired . | . . . . . . Time . | . . . . . . Parts Recycled . | . . . . . . Recycled Matter . | . . . . . . Retrieved Matter . | . . . . . . Retrieved Components . | . . . . . . Parts Scanalyzed . | . . . . . . Part Schematics Acquired . | . . . . . . Parts Damaged . | . . . . . . Bothacking | -11 -10 -10 -10 -9 -8 ------------ Run | Yrd Mat Min Exi Min Mat Used RIF Installer . | . . . . . . Robots Hacked . | . . . . . . Non-combat . | . . . . . . Combat . | . . . . . . Robot Hacks Applied . | . . . . . . Relay Couplers Released . | . . . . . . Fabnet Peak Effective % . | . . . . . . Robots Rewired . | . . . . . . Allies Hacked . | . . . . . . Hacks Repelled . | . . . . . . Allies | -11 -10 -10 -10 -9 -8 -------- Run | Yrd Mat Min Exi Min Mat Total Allies 3 | . . . . 3 . Largest Group 3 | . . . . 3 1 Highest-Rated Group 40 | . . . . 40 16 Highest-Rated Ally 16 | . . . . 16 16 Total Orders . | . . . . . . Ally Attacks 41 | . . . . 34 7 Total Damage 437 | . . . . 372 65 Kills 5 | . . . . 4 1 Allies Corrupted . | . . . . . . Allies Melted . | . . . . . . Intel | -11 -10 -10 -10 -9 -8 ------- Run | Yrd Mat Min Exi Min Mat Active Infowar (turns) 259 | 79 180 . . . . Seismic 259 | 79 180 . . . . Robot Analysis Total 2 | . 2 . . . . Derelict Logs Recovered 1 | . . . . 1 . Drone Launches . | . . . . . . Drone Recoveries . | . . . . . . Exploration | -11 -10 -10 -10 -9 -8 ------------- Run | Yrd Mat Min Exi Min Mat Turns Passed 4462 | 154 472 778 503 2382 173 Spaces Moved 1933 | 86 264 403 264 831 85 Core 11 | 11 . . . . . Treads . | . . . . . . Legs 1922 | 75 264 403 264 831 85 Wheels . | . . . . . . Hover . | . . . . . . Flight . | . . . . . . Fastest Speed 50 | 50 120 120 190 120 120 Average Speed 175 | 120 120 188 190 188 165 Slowest Speed 200 | 200 120 190 190 190 190 Overloaded Moves . | . . . . . . Propulsion Burnouts . | . . . . . . Robots Hopped . | . . . . . . Potential Cave-ins . | . . . . . . Cave-ins Triggered . | . . . . . . Exploration Rate (%) 50 | 4 52 83 61 99 5 Regions Visited 5 Branch Regions 3 Pre-discovered Areas 1 | . . . . 1 . Known Exits Taken . | . . . . . . Unknown Exits Taken 5 | 1 1 1 1 1 . Scrap Searched 5 | . . 3 . 2 . Spaces Dug . | . . . . . . Terrain Destroyed . | . . . . . . Melee . | . . . . . . Projectile . | . . . . . . AOE . | . . . . . . Terrain Rammed . | . . . . . . Walls Destroyed . | . . . . . . Machines Disabled . | . . . . . . Actions | -11 -10 -10 -10 -9 -8 --------- Run | Yrd Mat Min Exi Min Mat Total 2854 | 110 377 426 267 1570 104 Wait 763 | 2 69 2 . 687 3 Move 1928 | 85 263 402 263 830 85 Hop . | . . . . . . Pick Up 21 | 5 7 8 1 . . Fast Attach 11 | 7 . . . . 4 Attach 2 | . . . 1 1 . Detach . | . . . . . . Swap 16 | . 6 5 . 4 1 Drop 23 | . 9 9 2 3 . Fire 84 | 11 23 . . 40 10 Melee . | . . . . . . Ram . | . . . . . . Kick 6 | . . . . 5 1 Crush . | . . . . . . Escape Stasis . | . . . . . . Rewire . | . . . . . . Trap . | . . . . . . Miscellaneous . | . . . . . . Route ------- -11/Scrapyard -10/Materials (discovered 2 exits: [*Mat] / [*Min]) -10/Mines (discovered 3 exits: [*Mat x2] / *Exi) -10/Exiles (discovered 2 exits: [*Min x2]) -9/Mines (discovered 2 exits: *Mat x2) -8/Materials History --------- Turn | Location | Event 11 | -11/Scrapyard | Discovered new exit (range 16) 155 | -11/Scrapyard | Entered Materials 308 | -10/Materials | Build established: Mutant 371 | -10/Materials | Discovered new exit (range 14) 426 | -10/Materials | Discovered new exit (range 9) 627 | -10/Materials | Entered Mines 771 | -10/Mines | Discovered new exit (range 7) 904 | -10/Mines | Discovered new exit (range 6) 925 | -10/Mines | Joined a pair of Derelicts in attacking an 0b10 outpost 1396 | -10/Mines | Deemed a non-threat by the Exiles lab entrance 1397 | -10/Mines | Discovered new exit (range 5) 1405 | -10/Mines | Entered Exiles 1434 | -10/Exiles | Discovered new exit (range 14) 1464 | -10/Exiles | Met 8R-AWN 1487 | -10/Exiles | Met EX-HEX 1544 | -10/Exiles | Met EX-BIN 1565 | -10/Exiles | Aligned with FarCom system 1567 | -10/Exiles | Given EX-Vault access code 1624 | -10/Exiles | Opened EX-Vault 1701 | -10/Exiles | Exiles lab attacked by MAIN.C 1730 | -10/Exiles | Found AWS/Thermal 1885 | -10/Exiles | Discovered new exit (range 12) 1908 | -10/Exiles | Left Exiles lab with AWS/Thermal 1908 | -10/Exiles | Entered Mines 1999 | -9/Mines | Discovered new exit (range 15) 2008 | -9/Mines | Learned Materials interactive machine intel 2775 | -9/Mines | Learned location of Storage (-9) 2919 | -9/Mines | Excavation squad dispatched 2919 | -9/Mines | A large section of the Mines collapsed 3169 | -9/Mines | Excavation squad dispatched 3419 | -9/Mines | Excavation squad dispatched 3980 | -9/Mines | Assisted by bots powering up and referring to "LRC-V3" 3988 | -9/Mines | Build established: Scavenger-Mutant 4217 | -9/Mines | Core integrity fell below 50% 4280 | -9/Mines | Discovered new exit (range 6) 4290 | -9/Mines | Entered Materials 4290 | -8/Materials | Accompanied by 1 ally 4290 | -8/Materials | Evolved 4 slots: Propulsion x2, Utility x2 4291 | -8/Materials | Loaded intel: 19 interactive machine locations 4463 | -8/Materials | Self-destructed Last Messages --------------- 04439_ Assault Rifle destroyed. 04441_ Penetrated by Slug. 04441_ Lgt. Armor Plating destroyed. 04442_ Critical hit (Burn: +37). 04443_ Y-45 Defender destroyed. 04443_ Acquired 33 matter. 04446_ Acquired Lgt. Armor Plating. 04447_ Penetrated by Slug. 04448_ Trooper 2b destroyed. 04450_ Critical hit (Destroy). 04453_ Slug penetrates Wall. 04455_ Matter Filter destroyed. 04455_ Critical hit (Burn: +37). 04455_ Aluminum Leg destroyed. 04456_ Penetrated by Slug. 04456_ Lgt. Armor Plating destroyed. 04459_ Penetrated by Slug. 04459_ Aluminum Leg destroyed. 04462_ Penetrated by Slug. 04463_ Hvy. Assault Rifle destroyed. Map ----- +----------------------------------------------------+ | ???????????????????????????????????????????????? | | ???????????????????????????????????????????????? | | ???????????????????????????????????????????????? | | ???????????????????????????????????????????????? | | ???????????????????????????????????????????????? | | ???????????????????????????????????????????????? | | ???????????????????????????????????????????????? | | ???????????????????????????????????????????????? | | ????????########????g??????????????????????????? | | ????????# #???????????????????????????????? | | ????????# """ #???????????????????????????????? | | ????????# """ !#???????????????????????????????? | | ????????# """ #??????? ???????????????????????? | | ????????? ]#??????? ????????????????????T??? | | ??????????? #??????? ???????????????????????? | | ????????????#+##?????"" ???????????????????????? | | ????????????# +?????"" ???????????????????????? | | ????????????# ##?????"" ???????????????????????? | | ????????????# #?????? ???????????????????????? | | ????????????# #??????#+#???????????????????????? | | ????????????# #??????# #???????????????????????? | | ????????????# #??????# #???????????????????????? | | ????????????# #????###g###?????????????????????? | | ????????????# #????# %=#?????? #?????????????? | | ????????????# ###### ""g*### #?????????????? | | ????????????# T @%h r #?????????????? | | ????????????# ######!g[ ###w #?????????????? | | ????????????# #????# #?????????????????????? | | ????????????# #?##########?????????????????????? | | ????????????# # ##???????????????????????????? | | ????????????# # #???????????????????????????? | | ????????????# #???????????????????????????? | | ?????######## # ##???????????????????????????? | | ?????# # #####????????????????????????????? | | ?????# # #????????????????????????????????? | | ?????# """ # #????????????????????????????????? | | ?????#[ """ # #???????????????T????????????????? | | ?????# """ + #????????????????????????????????? | | ?????# # #????????????????????????????????? | | ?????######## #????????????????????????????????? | | ????????#!! #????????????????????????????????? | | ????????#! #????????????????????????????????? | | ????????#!! ###??????????????????????????????? | | ????????#! #??????????????????????????????? | | ????????#!! #??????????????????????????????? | | ????????#!! #??????????????"""?????????????? | | ????????##### #???????????????R"?????????????? | | ????????????# #??????????????"""?????????????? | | ????????????# #??????????????????????????????? | | ????????????# #??????????????????????????????? | +----------------------------------------------------+ Best States ------------- Heat Dissipation 31 Energy Generation 12 Energy Capacity 265 Matter Stores 300 Matter Capacity 300 Sight Range 16 Terrain Scan Density 10 Armor Coverage 150 Power Shielding 33 Weapon Shielding 33 Evasion (%) 55 Armor Integrity Analysis 30 Matter Filtering 30 Item Schematics ----------------- None Robot Schematics ------------------ None Fabricated ------------ Nothing Repaired ---------- Nothing Studied --------- None Alien Tech Used ----------------- None Achievements -------------- None Challenges ------------ None Game ------ Seed DeepFieldRegenerator Manual? 0 Play Time 00:19:42 Cumulative 389.1 hours Start 2026.06.28 @ 03:38:02 End 2026.06.28 @ 03:56:11 Sessions 1 Manual Loads 0 Difficulty Rogue Special Mode None Game No. 295 Rogue 295 Adventurer 0 Explorer 0 Win Type - Total 8 Types 4/0/3/1/0/0/0/0/0/0 Lore% 76 Gallery% 72 Achievement% 42 Wizard Run 0 Options --------- Layout 2 ASCII 0 Keyboard 1 Movement Vi Keybinds 0 Fullscreen 2 Font 32/SmallcapsGlow Map View 77x44 Zoom Use 0% Tactical HUD 1 Map Filters NONE Filters NONE Steam 1 RUN: 4e11ea25-d63c-4f11-a665-48a9a5ffaf05